 Dungeon Crawl Stone Soup version 0.27-a0-1232-gc6a4cbde82 (webtiles) character file.

Game seed: 18237135585737965732

2431 porpoise the Conjurer (level 9, -5/54 HPs)
             Began as a Deep Elf Conjurer on June 9, 2021.
             Was a Follower of Sif Muna.
             Slain by a fire elemental (14 damage)
             ... summoned by a deep elf pyromancer
             ... on level 8 of the Dungeon.
             The game lasted 00:28:19 (8971 turns).

porpoise the Conjurer (Deep Elf Conjurer)           Turns: 8971, Time: 00:28:20

Health: -5/54      AC:  6    Str:  5    XL:     9   Next: 24%
Magic:  9/21       EV: 12    Int: 26    God:    Sif Muna [*.....]
Gold:   405        SH:  5    Dex: 13    Spells: 10/21 levels left

rFire    . . .     SeeInvis .   b - +0 hunting sling
rCold    . . .     Faith    .   z - +0 buckler
rNeg     . . .     Spirit   .   A - +0 robe
rPois    .         Reflect  .   (no helmet)
rElec    .         Harm     .   r - +0 cloak
rCorr    .         Rampage  .   (no gloves)
Will     .....                  J - +2 pair of boots
Stlth    ++........             (no amulet)
HPRegen  0.18/turn              c - ring of wizardry
MPRegen  0.17/turn              (no ring)

@: no status effects
A: no striking features
a: Renounce Religion, Channel Magic


You were on level 8 of the Dungeon.
You worshipped Sif Muna.
Sif Muna was aware of your devotion.
You visited 2 branches of the dungeon, and saw 9 of its levels.

You collected 405 gold pieces.

Inventory:

Hand Weapons
 a - a +1 short sword of draining
 b - a +0 hunting sling (weapon)
Missiles
 e - 253 stones
 f - 29 sling bullets (quivered ammo)
 j - 32 poisoned darts
 l - 11 boomerangs
 p - 13 javelins
 s - 75 arrows
 w - 73 bolts
 E - a throwing net
 G - a curare-tipped dart
Armour
 r - a +0 cloak (worn)
 z - a +0 buckler (worn)
 A - a +0 robe (worn)
 J - a +2 pair of boots (worn)
Magical Staves
 m - a staff of air
Jewellery
 c - a ring of wizardry (left hand)
 n - a ring of fire
Wands
 o - a wand of flame (26)
 C - a wand of iceblast (9)
 D - a wand of paralysis (2)
 H - a wand of mindburst (12)
Scrolls
 h - 3 scrolls of identify
 i - a scroll of enchant weapon {unknown}
 q - a scroll of fear
 t - a scroll of vulnerability {unknown}
 u - a scroll of torment
 x - a scroll of amnesia
 y - 2 scrolls of teleportation
 B - a scroll of summoning {unknown}
Potions
 d - 2 potions of brilliance
 g - a potion of heal wounds
 k - 3 potions of might
 v - 3 potions of haste
 F - 2 potions of magic
 I - a potion of lignification


   Skills:
 - Level 5.0 Fighting
 + Level 2.4 Dodging
 - Level 2.4 Stealth
 - Level 4.0 Shields
 + Level 6.7 Spellcasting
 * Level 7.6 Conjurations
 - Level 5.0 Hexes
 - Level 5.0 Translocations


You had 10 spell levels left.
You knew the following spells:

 Your Spells              Type           Power      Damage    Failure   Level
a - Magic Dart            Conj           100%       1d8       1%          1
b - Searing Ray           Conj           96%        3d7       1%          2
c - Iskenderun's Mystic   Conj/Tloc      41%        2d9       1%          4
d - Fulminant Prism       Conj/Hex       20%        3d13      1%          4

Your spell library contained the following spells:

 Spells                   Type           Power      Damage    Failure   Level
 Shock                    Conj/Air       100%       1d9       1%          1
 Static Discharge         Conj/Air       28%        N/A       1%          2
 Dazzling Flash           Conj/Hex       82%        N/A       1%          3
 Swiftness                Air            8%         N/A       8%          3
 Lightning Bolt           Conj/Air       14%        1d27      16%         5
 Airstrike                Air            4%         N/A       26%         4


Dungeon Overview and Level Annotations

Branches:
Dungeon (8/15)             Temple (1/1) D:6
   Lair: D:8-11

Altars:
Cheibriados
Elyvilon
Gozag
Kikubaaqudgha
Qazlal
Sif Muna
Vehumet
Xom
Yredelemnul

Shops:
D:5 =

Annotations:
D:4 2 transporters, bronco's ghost, amateur HuNe


Message History

Press: ? - help, Shift-Dir - straight line, f/p - deep elf pyromancer
Aim: a deep elf pyromancer, wielding a +0 dagger (almost dead, 100% to hit)
The magic dart hits the fire elemental.
The fire elemental is lightly damaged.
Casting: Magic Dart (safe; 1% risk of failure)
Confirm with . or Enter, or press ? or * to list all spells.
Aiming: Searing Ray (safe; 1% risk of failure)
Press: ? - help, Shift-Dir - straight line, f - fire elemental, p - deep elf pyromancer
Aim: a fire elemental (lightly damaged, summoned, 79% to hit)
Okay, then.
Casting: Searing Ray (safe; 1% risk of failure)
Confirm with . or Enter, or press ? or * to list all spells.
Aiming: Magic Dart (safe; 1% risk of failure)
Press: ? - help, Shift-Dir - straight line, f/p - deep elf pyromancer
Aim: a deep elf pyromancer, wielding a +0 dagger (almost dead, 100% to hit)
The magic dart hits the fire elemental but does no damage.
The fire elemental is lightly damaged.
The deep elf pyromancer casts a spell.
The deep elf pyromancer blinks!
The fire elemental hits you. The fire elemental burns you!
* * * LOW HITPOINT WARNING * * *
Casting: Magic Dart (safe; 1% risk of failure)
Confirm with . or Enter, or press ? or * to list all spells.
Aiming: Magic Dart (safe; 1% risk of failure)
Press: ? - help, Shift-Dir - straight line, f/p - deep elf pyromancer
Aim: a deep elf pyromancer, wielding a +0 dagger (almost dead, 100% to hit)
Okay, then.
Unknown command.
Casting: Magic Dart (safe; 1% risk of failure)
Confirm with . or Enter, or press ? or * to list all spells.
Aiming: Searing Ray (safe; 1% risk of failure)
Press: ? - help, Shift-Dir - straight line, f - fire elemental, p - deep elf pyromancer
Aim: a fire elemental (lightly damaged, summoned, 79% to hit)
The searing ray hits the fire elemental!
The fire elemental is moderately damaged. (Press . to maintain the ray.)
The fire elemental hits you.
* * * LOW HITPOINT WARNING * * *
The fire elemental burns you!
You die...

#####.........### #
##.........).....#####
......................
..........###........
###.....## ##.......
#.....## ##......
#....## ##..... #....#
##.... #.@.## ##...
#..E.# ##.. #.....#
##. #..○...# #.
......... #..
####......# ....
(....... ....#
#(.e...... ....


You could see a deep elf pyromancer and a fire elemental (summoned).

Vanquished Creatures
  A wyvern (D:8)
  2 ice beasts
  An orc warrior (D:6)
  A sky beast (D:4)
  5 ogres
  2 centaurs
  2 kobold brigands
  2 bullfrogs (D:7)
  A gnoll sergeant (D:7)
  3 killer bees (D:7)
  2 howler monkeys (D:5)
  2 bullfrog zombies
  2 centaur zombies
  A gnoll shaman (D:6)
  2 jellies (D:4)
  3 hounds
  An orc priest (D:3)
  A bullfrog skeleton (D:6)
  3 orc wizards
  2 iguanas
  12 gnolls
  6 adders
  2 shadow imps
  2 white imps
  2 worms
  A dart slug (D:1)
  18 orcs
  12 ball pythons
  4 bats
  5 endoplasms
  5 giant cockroaches
  9 goblins
  7 hobgoblins
  3 jackals (D:2)
  14 kobolds
  A quokka (D:1)
  6 frilled lizards
  9 rats
157 creatures vanquished.

Vanquished Creatures (others)
  3 fulminant prisms (D:8)
  7 toadstools (D:1)
10 creatures vanquished.

Grand Total: 167 creatures vanquished

Notes
Turn   | Place    | Note
-------+----------+-------------------------------------------
     0 | D:1      | porpoise the Deep Elf Conjurer began the quest for the Orb.
     0 | D:1      | Reached XP level 1. HP: 10/10 MP: 6/6
   208 | D:1      | Reached XP level 2. HP: 15/15 MP: 2/8
   262 | D:1      | Learned a level 2 spell: Searing Ray
   440 | D:1      | Found a faded altar of an unknown god.
   805 | D:1      | Reached XP level 3. HP: 11/19 MP: 5/10
  1130 | D:1      | Reached skill level 5 in Conjurations
  2509 | D:3      | Reached skill level 5 in Spellcasting
  2509 | D:3      | Reached XP level 4. HP: 20/24 MP: 9/13
  2514 | D:3      | Learned a level 4 spell: Iskenderun's Mystic Blast
  2519 | D:3      | Learned a level 4 spell: Fulminant Prism
  3072 | D:3      | Reached skill level 1 in Fighting
  3076 | D:3      | Reached XP level 5. HP: 29/29 MP: 8/14
  3129 | D:3      | Found an opulent altar of Gozag.
  3604 | D:4      | Reached skill level 6 in Conjurations
  4021 | D:4      | Noticed an ogre
  4028 | D:4      | Killed an ogre
  4029 | D:4      | Reached XP level 6. HP: 36/36 MP: 9/15
  4165 | D:4      | Found a transporter.
  4166 | D:4      | Noticed bronco's ghost (amateur HuNe)
  4168 | D:4      | Identified the +1 dire flail of Overwhelming Force {freeze,
                  | Contam Str+5 Stlth+}
  4171 | D:4      | Found a transporter.
  4410 | D:4      | Noticed a sky beast
  4421 | D:4      | Killed a sky beast
  4422 | D:4      | Reached skill level 7 in Conjurations
  4738 | D:5      | Entered Level 5 of the Dungeon
  4791 | D:5      | Reached skill level 1 in Translocations
  4791 | D:5      | Reached XP level 7. HP: 41/41 MP: 11/16
  4942 | D:5      | Found Toykeo's Jewellery Shop.
  5833 | D:6      | Found a staircase to the Ecumenical Temple.
  5903 | Temple   | Entered the Ecumenical Temple
  5912 | Temple   | Became a worshipper of Sif Muna the Loreminder
  5975 | D:6      | Reached XP level 8. HP: 48/48 MP: 9/17
  6170 | D:6      | Reached skill level 5 in Fighting
  6170 | D:6      | Reached skill level 5 in Translocations
  6437 | D:6      | Reached skill level 1 in Hexes
  6545 | D:6      | Reached skill level 1 in Shields
  7143 | D:7      | Reached * piety under Sif Muna
  7636 | D:7      | Reached skill level 5 in Hexes
  7636 | D:7      | Reached XP level 9. HP: 45/54 MP: 15/20
  8959 | D:8      | Noticed a deep elf pyromancer
  8971 | D:8      | Slain by a fire elemental

Illustrated notes

Levels and vault maps discovered:
D:1:      nagdon_arrival_double_spiral, layout_loops_ring,
          shapermc_ecumenical_altar_mp_ritualfount
D:2:      layout_loops_ring
D:3:      layout_loops_ring, nicolae_gozag_seed_capital, serial_bayou,
          serial_bayou_pond_e, serial_bayou_pond_c, serial_bayou_pond_a,
          serial_bayou_pond_e, portal_sewer_entry_b
D:4:      layout_cave_pods, gammafunk_ghost_smash
D:5:      layout_loops_ring, serial_shops,
          nicolae_shop_temple_entry_statues_fountains, kennysheep_donut,
          minmay_misc_feat_room
D:6:      layout_loops_cross, minmay_temple_entry_junction, serial_glass,
          glass_columns_a, glass_columns_b, minmay_misc_feat_nine_boxes
D:7:      layout_gridville
D:8:      layout_layer_cave
Temple:   grunt_wide_crystal_templ

Skill      XL: |  1  2  3  4  5  6  7  8  9 |
---------------+----------------------------+-----
Spellcasting   | 4 5 6 |  6.7
Conjurations   | 5 6 7 |  7.6
Fighting       | 1 2 3 4 5 |  5.0
Translocations | 1 4 5 |  5.0
Hexes          | 5 |  5.0
Shields        | 3 4 |  4.0
Dodging        | |  2.4
Stealth        | |  2.4

Action                   |  1- 3 |  4- 6 |  7- 9 || total
-------------------------+-------+-------+-------++-------
Melee: Hunting sling     |       |     1 |       ||     1
       Dagger            |       |       |     5 ||     5
 Fire: Hunting sling     |       |    17 |    60 ||    77
 Cast: Magic Dart        |    54 |    18 |     5 ||    77
       Searing Ray       |     9 |    24 |    53 ||    86
       Iskenderun's Myst |       |       |     7 ||     7
       Fulminant Prism   |       |       |     3 ||     3
  Use: Scroll            |     5 |     2 |     5 ||    12
Armor: Robe              |       |     4 |     6 ||    10
Dodge: Dodged            |     3 |     1 |    19 ||    23
Block: Buckler           |       |       |     2 ||     2

Table legend: (Time is in decaauts)
 A = Elapsed time spent in this place.
 B = Non-inter-level travel time spent in this place.
 C = Inter-level travel time spent in this place.
 D = Time resting spent in this place.
 E = Time spent auto-exploring this place.
 F = Levels seen in this place.
 G = Mean time per level.
                   A        B        C        D        E       F      G
               +--------+--------+--------+--------+--------+-----+--------+
         Total |   9029 |   8811 |    218 |   2879 |   5008 |   9 | 1003.2 |
       Dungeon |   9010 |   8801 |    209 |   2879 |   5007 |   8 | 1126.2 |
        Temple |     18 |      9 |      9 |      0 |      1 |   1 |   18.0 |
               +--------+--------+--------+--------+--------+-----+--------+

Top non-repeatable levels by time:
     D:1: 1526 daAuts
     D:7: 1379 daAuts
     D:4: 1300 daAuts
     D:6: 1115 daAuts
     D:3: 1084 daAuts
     D:5: 1054 daAuts
     D:2: 873 daAuts
     D:8: 675 daAuts
  Temple: 18 daAuts
